 Dungeon Crawl Stone Soup version 0.29-a0-541-gaf1fc19f1b (webtiles) character file.

Game seed: 8670271411156020402

802 porpoise the Shooter (level 7, 0/45 HPs)
             Began as a Tengu Hunter on June 3, 2022.
             Slain by a wyvern (16 damage)
             ... on level 5 of the Dungeon.
             The game lasted 00:18:07 (4680 turns).

porpoise the Shooter (Tengu Hunter)                 Turns: 4680, Time: 00:18:08

Health: 0/45       AC:  7    Str: 14 (15) XL:     7   Next: 90%
Magic:  8/8        EV: 13    Int:  9      God:
Gold:   208        SH:  0    Dex: 20      Spells: 6/6 levels left

rFire   + . .      SeeInvis .   a - +1 shortbow
rCold   . . .      Faith    .   (shield currently unavailable)
rNeg    . . .      Spirit   .   k - +0 ring mail
rPois   .          Reflect  .   (helmet restricted)
rElec   .          Harm     .   i - +0 cloak
rCorr   .          Rampage  .   s - +0 pair of gloves
Will    .....      Clarity  +   (boots unavailable)
Stlth   ++........              (no amulet)
HPRegen 0.15/turn               l - ring of protection from fire
MPRegen 0.11/turn               h - +6 ring of strength

@: flying quickly and evasively, quick
A: beak, talons 3, nimble flight, clarity, passive freeze, weak 1, wild magic 1
a: no special abilities


You were on level 5 of the Dungeon.
You visited 1 branch of the dungeon, and saw 5 of its levels.
You also visited: Ossuary.

You collected 208 gold pieces.

Inventory:

Hand Weapons
 a - a +1 shortbow (weapon)
 b - a +2 dagger of holy wrath
 D - a +1 long sword of holy wrath
Missiles
 n - 3 boomerangs
 t - 8 atropa-tipped darts
 u - 6 javelins
Armour
 i - a +0 cloak (worn)
 k - a +0 ring mail (worn)
 s - a +0 pair of gloves (worn)
Jewellery
 e - a +6 ring of intelligence
 h - a +6 ring of strength (right hand)
 l - a ring of protection from fire (left hand)
Wands
 o - a wand of digging (12)
 x - a wand of iceblast (13)
Scrolls
 c - 4 scrolls of immolation
 d - 6 scrolls of teleportation
 g - 2 scrolls of poison {unknown}
 j - 2 scrolls of silence {unknown}
 p - a scroll of acquirement {unknown}
 y - a scroll of blinking {unknown}
 A - a scroll of enchant armour {unknown}
 B - a scroll of enchant weapon {unknown}
 C - 2 scrolls of torment {unknown}
 E - a scroll of fog {unknown}
Potions
 f - a potion of invisibility
 m - 2 potions of mutation
 q - a potion of curing
 r - a potion of attraction {unknown}
 v - 3 potions of lignification
 w - 2 potions of heal wounds
 z - a potion of might {unknown}
 F - 2 potions of resistance {unknown}


   Skills:
 * Level 5.7 Fighting
 * Level 7.4 Bows
 - Level 2.1 Dodging
 + Level 4.0 Stealth


You had 6 spell levels left.
You didn't know any spells.
Your spell library contained the following spells:

 Spells                   Type           Power      Damage    Failure   Level
 Apportation              Tloc           0%         N/A       71%         1
 Scorch                   Fire           0%         2d5       83%         2
 Flame Wave               Conj/Fire      0%         2d4       100%        4
 Alistair's Intoxication  Tmut/Pois      0%         N/A       100%        5
 Summon Cactus Giant      Summ           0%         N/A       100%        6


Dungeon Overview and Level Annotations

Branches:
Dungeon (5/15)            Ossuary (visited)
 Temple: D:4-7

Altars:
Gozag
Okawaru

Shops:
D:2 ([


Innate Abilities, Weirdness & Mutations

You have a beak for a mouth.
You have claws for feet.
Your magical nature lets you fly swiftly and evasively.
You possess an exceptional clarity of mind.
A frigid envelope surrounds you and freezes all who hurt you.
You are weak. (Str -2)
Your spells are a little harder to cast, but a little more powerful.


Message History

The gnoll closely misses you. The gnoll hits you but does no damage.
You shoot an arrow. The arrow hits the gnoll!
You kill the gnoll!
You feel your intelligence returning.
No target in view!
You see here a +0 spear.
Found a stone staircase leading up.
There is a stone staircase leading up here.
There is a stone staircase leading up here.
A wyvern comes into view.
You shoot an arrow.
The arrow hits the wyvern but does no damage.
The wyvern hisses angrily.
You shoot an arrow. The arrow hits the wyvern.
The wyvern is lightly wounded.
You shoot an arrow. The arrow hits the wyvern.
The wyvern is lightly wounded.
You shoot an arrow.
The arrow hits the wyvern but does no damage.
The wyvern is lightly wounded.
The wyvern bites you! The wyvern barely misses you.
You shoot an arrow.
The arrow hits the wyvern but does no damage.
The wyvern is lightly wounded.
The wyvern bites you!
The wyvern is very cold.
The wyvern is moderately wounded.
You shoot an arrow. The arrow closely misses the wyvern.
The wyvern bites you!
The wyvern is very cold.
The wyvern is heavily wounded.
The wyvern hisses menacingly.
The wyvern closely misses you.
You are too injured to fight recklessly!
You are too injured to fight recklessly!
You are too injured to fight recklessly!
Shoot: a) +1 shortbow
Press: ? - help, Q - select action, (/) - cycle Shift-Dir - straight line, f/p - wyvern
Aim: a wyvern (heavily wounded, 68% to hit)
You shoot an arrow. The arrow completely misses the wyvern.
The wyvern closely misses you. The wyvern bites you!
You die...

.## #...# ..# ####
..# ..########
...^..)..##
.....)...)###
########....#######
##.........##
##......@l.#
##.....#..#
##....####.#
#.....# .# ##..#..#
.# ##.####.# .#
##.## ### . #.<#
#.##


You could see a wyvern.

Vanquished Creatures
  A wraith (Ossuary)
  A black bear (D:4)
  An ogre (D:5)
  A scorpion (D:3)
  A human zombie (Ossuary)
  An orc priest (D:5)
  Jessica (D:3)
  3 iguanas
  Ijyb (D:3)
  4 mummies
  3 gnolls (D:5)
  5 adders
  4 dart slugs
  6 orcs
  12 ball pythons
  3 bats (D:2)
  10 endoplasms
  6 giant cockroaches
  2 goblins (D:2)
  7 hobgoblins
  7 jackals
  5 kobolds
  3 quokkas
  2 frilled lizards (D:3)
  2 goblin zombies (Ossuary)
  6 hobgoblin zombies (Ossuary)
  5 kobold zombies (Ossuary)
  4 rats
107 creatures vanquished.

Notes
Turn   | Place    | Note
-------+----------+-------------------------------------------
     0 | D:1      | porpoise the Tengu Hunter began the quest for the Orb.
     0 | D:1      | Reached XP level 1. HP: 12/12 MP: 2/2
    77 | D:1      | Reached XP level 2. HP: 17/17 MP: 3/3
    81 | D:1      | Found a faded altar of an unknown god.
   322 | D:1      | Reached XP level 3. HP: 22/22 MP: 4/4
   778 | D:2      | Reached skill level 5 in Bows
   920 | D:2      | Reached XP level 4. HP: 28/28 MP: 5/5
  1188 | D:2      | Found Fotrach's Weapon Shop.
  1431 | D:2      | Found Kadob's Antique Armour Boutique.
  1548 | D:3      | Noticed a scorpion
  1692 | D:3      | Noticed Ijyb
  1700 | D:3      | Killed Ijyb
  1826 | D:3      | Gained mutation: Your magical nature lets you fly swiftly
                  | and evasively. [Tengu growth]
  1826 | D:3      | Reached XP level 5. HP: 32/32 MP: 6/6
  1894 | D:3      | Noticed Jessica
  1909 | D:3      | Killed Jessica
  2227 | D:3      | Reached skill level 6 in Bows
  2227 | D:3      | Reached XP level 6. HP: 38/38 MP: 7/7
  2404 | D:4      | Found an opulent altar of Gozag.
  2459 | D:4      | Found an iron altar of Okawaru.
  2580 | D:4      | Noticed a black bear
  2590 | D:4      | Killed a black bear
  2881 | D:4      | Found a sand-covered staircase.
  2891 | Ossuary  | Entered an ossuary
  2891 | Ossuary  | Noticed a wraith
  2891 | Ossuary  | Noticed a wraith
  2891 | Ossuary  | Noticed a wraith
  3342 | Ossuary  | Noticed a wraith
  3354 | Ossuary  | Gained mutation: A frigid envelope surrounds you and
                  | freezes all who hurt you. [potion of mutation]
  3354 | Ossuary  | Gained mutation: You are weak. (Str -2) [potion of
                  | mutation]
  3354 | Ossuary  | Gained mutation: You possess an exceptional clarity of
                  | mind. [potion of mutation]
  3354 | Ossuary  | Gained mutation: Your spells are a little harder to cast,
                  | but a little more powerful. [potion of mutation]
  3357 | Ossuary  | HP: 1/58 [wraith (7)]
  3364 | Ossuary  | Killed a wraith
  3365 | Ossuary  | Reached skill level 5 in Fighting
  3365 | Ossuary  | Reached XP level 7. HP: 18/44 MP: 8/8
  3949 | D:4      | Reached skill level 7 in Bows
  4208 | D:5      | Entered Level 5 of the Dungeon
  4673 | D:5      | Noticed a wyvern
  4680 | D:5      | Slain by a wyvern

Illustrated notes

Levels and vault maps discovered:
D:1:      dpeg_arrival_simpleton_c, layout_loops_ring,
          hellmonk_ecumenical_altar_arch_garden, st_stairs_7
D:2:      layout_loops_cross, serial_shops, nicolae_shop_behind_doors,
          nicolae_shop_bloodbath_and_beyond
D:3:      layout_rooms, uniq_ijyb, uniq_jessica
D:4:      nicolae_cairo_tiling_very_big, layout_rooms,
          mainiacjoe_overflow_catch_the_wave, gup_ossuary_entry_pyramid
D:5:      layout_layer_cave

Skill      XL: |  1  2  3  4  5  6  7 |
---------------+----------------------+-----
Bows           | 5 6 7 |  7.4
Fighting       | 3 4 5 |  5.7
Stealth        | 2 3 4 |  4.0
Dodging        | |  2.1

Action                   |  1- 3 |  4- 6 |  7- 9 || total
-------------------------+-------+-------+-------++-------
Melee: Dagger            |       |     9 |     6 ||    15
       Kick              |       |     1 |       ||     1
       Peck              |       |       |     3 ||     3
 Fire: Shortbow          |    63 |   156 |    65 ||   284
Throw: Boomerang         |       |     1 |       ||     1
  Use: Potion            |       |     8 |       ||     8
       Scroll            |       |     5 |       ||     5
 Stab: Sleeping          |       |       |     1 ||     1
Armor: Leather armour    |     4 |       |       ||     4
       Ring mail         |       |    26 |     5 ||    31
       Skin              |       |     7 |       ||     7
Dodge: Dodged            |     9 |    38 |    19 ||    66

Table legend: (Time is in decaauts)
 A = Elapsed time spent in this place.
 B = Non-inter-level travel time spent in this place.
 C = Inter-level travel time spent in this place.
 D = Time resting spent in this place.
 E = Time spent auto-exploring this place.
 F = Levels seen in this place.
 G = Mean time per level.
                   A        B        C        D        E       F      G
               +--------+--------+--------+--------+--------+-----+--------+
         Total |   4634 |   4451 |    183 |   1332 |   2086 |   6 |  772.3 |
       Dungeon |   3671 |   3488 |    183 |    809 |   1926 |   5 |  734.2 |
       Ossuary |    963 |    963 |      0 |    523 |    160 |   1 |  963.0 |
               +--------+--------+--------+--------+--------+-----+--------+

Top non-repeatable levels by time:
 Ossuary: 963 daAuts
     D:2: 853 daAuts
     D:4: 806 daAuts
     D:1: 781 daAuts
     D:3: 771 daAuts
     D:5: 459 daAuts
